Croesus, chaotic male elven Ranger ------ # ?*]% --------- ----- ----.----- %[* |.......| |...| #..........# !)= |........#######|...| #|...{....|# . |.......| #-<..| ##+........|# @ |........#######|...| # ##|........|# #@ ------.-- #|....########### ####----------# d #|...|# -.-|--## # ##### #-.---# ......## ### ---.- ######## |....|# # |>..| |..... ##....| ------ |...| ----- Croesus the Lookout Experience level: 4 Strength: 16 Dexterity: 11 Constitution: 14 Intelligence: 15 Wisdom: 14 Charisma: 7 Health: 0(22) Energy: 22(22) Def: 10 Gold: 0 Moves: 1872 Dungeon seed: UpG4iUZmXOwg4YjL Game ID: Croesus_1558720777 Your Inventory: Amulets g - an uncursed amulet of life saving Weapons a - an uncursed +1 elven dagger (weapon in hand) b - an uncursed +1 elven bow (alternate weapon; not wielded) c - 50 uncursed +2 elven arrows (in quiver) d - 33 uncursed +0 elven arrows l - an uncursed +0 orcish dagger w - 5 uncursed +0 darts Armor e - an uncursed +2 elven cloak (being worn) y - an uncursed +0 plate mail (being worn) Comestibles f - 4 uncursed lembas wafers Scrolls i - an uncursed scroll of identify z - an uncursed scroll of gold detection Potions m - a cursed potion of speed s - an uncursed potion of monster detection x - a cursed potion of acid Rings h - an uncursed ring of poison immunity k - a cursed -3 ring of carrying u - a cursed ring of teleportation Gems n - an uncursed citrine stone q - 2 uncursed worthless pieces of red glass Spells and supernatural/magical abilities: Name Level Category Cost Memory W - pray for help -- divine ? -- Your skills at the end: Fighting Skills wands [Basic] Weapon Skills dagger [Basic] bow [Basic] Spellcasting Skills Final Attributes: You were piously aligned. You were immune to sleep. You saw invisible. You had automatic searching. You had infravision. You were stealthy. Mars was noncommittal. You are dead. Vanquished creatures: a shrieker a kobold lord 2 werejackals 2 iguanas a gas spore a large kobold 2 giant rats a brown mold a yellow mold a red mold a gecko a jackal 2 goblins 2 sewer rats a bat a lichen 6 newts 27 creatures vanquished. Voluntary challenges: You were an atheist. You used a wielded weapon 10 times, starting on turn 390. You read items or engraved 2 times, starting on turn 925. You never genocided any monsters. You never polymorphed an object. You never changed form. You used no wishes. You never split a pudding. You never wrote Elbereth's name. You never violated your personal moral code. Dungeon overview: The Dungeons of Doom: levels 1 to 6 Level 1 a sink a long staircase Level 2 a fountain Level 3 a long staircase Level 4 a general store, a fountain Level 5 <- You were here a general store, a fountain Level 6 History has recorded: On T:1 you entered the Dungeons of Doom to retrieve the Amulet of Yendor! On T:200 you reached level 2 of The Dungeons of Doom. On T:733 you reached level 3 of The Dungeons of Doom. On T:923 you advanced to experience level 2. On T:947 you reached level 4 of The Dungeons of Doom. On T:1394 you advanced to experience level 3. On T:1721 you advanced to experience level 4. On T:1737 you reached level 5 of The Dungeons of Doom. On T:1860 you reached level 6 of The Dungeons of Doom. Score breakdown: Gold: 0 ( 0 points) Experience: 4 levels ( 9649 points) Exploration: 6 levels ( 12.50%) ( 9784 points) Discoveries: 1 item ( 0.34%) ( 1746 points) Valuables value: (no points given unless you survive) Artifact value: 0 ( 0 points) Variety of kills: 17 monsters ( 4.47%) ( 6345 points) Turncount: 1872 turns ( 0 points) Survival: died (score multiplied by 80%) Total score: 22019 Latest messages: You see here a female newt corpse. Blecch! Rotten food! You finish eating the female newt corpse. You feel a mild buzz. [4 turns] You displace Sirius. z - a scroll labeled VENZAR BORGAVVE. You stop. Sirius is in the way! You displace Sirius. Something is written here in the dust. You read: "Closed for inventory". You stop exploring. This door is locked. You have nothing to unlock that with. This door is locked. WHAMMM!!! As you kick the door, it crashes open! "How dare you break my door?" Wonotobo zaps an iron wand! The wand hits you! You die... Wonotobo takes all your possessions. For some reason, you think that you can almost hear the Wizard laugh manically... Final status: Goodbye Croesus the Ranger, killed by a Ms. Wonotobo, the shopkeeper's wand... You died in The Dungeons of Doom on dungeon level 5 with 22019 points, and 0 pieces of gold, after 1872 moves. You were level 4 with a maximum of 22 hit points when you died.